Map: 环轨星港

Players

shengy - Winner!

  • Race: Zerg Zerg
  • League: Gold

doveshack

  • Race: Protoss Protoss
  • League: Gold

VOD

Have the link to the VOD?

Description

Time

  • Played on: Nov. 25, 2015, 7:42 p.m.
  • Length: 9:41
Show
View Real Time Build Order
Export as new Build Order

shengy Zerg - Winner!

Build Orders: Hatch First 

Get SALT Encoding   

  12  0:01  Drone  
  13  0:07  Drone  
  14  0:17  Overlord  
  14  0:35  Drone x3  
  17  0:46  Drone  
  18  0:59  Hatchery  
  18  1:03  Drone  
  18  1:22  Drone  
  18  1:23  Drone  
  20  1:29  Drone  
  21  1:50  Spawning Pool  
  21  1:51  Overlord  
  19  2:21  Drone x3  
  19  2:22  Drone x2  
  24  2:32  Drone  
  25  2:40  Drone  
  26  2:48  Drone  
  26  2:50  Drone  
  28  2:56  Queen  
  30  3:00  Spine Crawler  
  30  3:02  Drone, Spine Crawler  
  30  3:05  Drone x2  
  31  3:06  Extractor  
  31  3:08  Extractor, Drone  
  31  3:10  Queen  
  32  3:15  Overlord  
  32  3:29  Spine Crawler  
  31  3:35  Roach Warren  
  30  3:56  Zergling x12  
  31  4:29  Roach x4  
  37  4:38  Spine Crawler  
  37  4:45  Roach x2  
  39  5:10  Roach  
  39  5:24  Queen  
  39  5:25  Extractor  
  36  5:58  Roach x4  
  36  6:00  Overlord x2  
  44  6:04  Lair  
  37  6:45  Burrow  
  37  6:46  Roach x3  
  37  6:47  Roach x5  
  53  6:58  Drone  
  54  7:02  Drone  
  55  7:11  Extractor  
  52  7:27  Overlord  
  52  7:28  Spine Crawler, Overlord x3  
  52  7:29  Spine Crawler  
  48  7:37  Hydralisk Den, Overlord x3  
  48  7:39  Drone  
  48  7:40  Drone  
  48  7:41  Drone  
  50  7:55  Hatchery  
  49  7:59  Drone x2  
  49  8:03  Roach x11  
  51  8:08  Roach x3  
  57  8:24  Hydralisk x2  
  61  8:31  Overseer  
  61  8:34  Drone x2  
  61  8:37  Hydralisk  
  63  9:00  Hydralisk x2  
  63  9:01  Hydralisk  
  63  9:18  Spore Crawler  
  63  9:20  Spore Crawler x2  
Show
View Real Time Build Order
Export as new Build Order

doveshack Protoss 

Build Orders:  

Get SALT Encoding   

  12  0:01  Probe (Chrono Boost)  
  13  0:12  Probe (Chrono Boost)  
  14  0:19  Pylon  
  14  0:23  Probe (Chrono Boost)  
  15  0:37  Probe (Chrono Boost)  
  15  0:40  Forge  
  16  0:48  Probe (Chrono Boost)  
  17  0:54  Pylon  
  17  0:58  Probe (Chrono Boost)  
  18  1:09  Probe (Chrono Boost)  
  19  1:20  Probe (Chrono Boost)  
  19  1:23  Photon Cannon  
  20  1:28  Pylon  
  20  1:30  Pylon  
  20  1:36  Pylon  
  20  1:38  Pylon  
  20  1:50  Photon Cannon  
  19  2:02  Gateway  
  19  2:03  Gateway  
  19  2:16  Gateway  
  19  2:27  Pylon  
  19  2:29  Pylon x2  
  19  2:47  Photon Cannon  
  19  2:49  Photon Cannon  
  19  2:51  Photon Cannon  
  19  2:55  Zealot (Chrono Boost)  
  21  3:02  Zealot (Chrono Boost)  
  23  3:08  Zealot (Chrono Boost)  
  25  3:25  Pylon  
  25  3:32  Zealot x2 (Chrono Boost)  
  25  3:33  Zealot (Chrono Boost)  
  31  3:47  Photon Cannon  
  31  3:52  Photon Cannon  
  31  3:59  Photon Cannon  
  31  4:07  Pylon  
  25  4:20  Pylon  
  25  4:28  Zealot (Chrono Boost)  
  30  4:32  Zealot x2 (Chrono Boost)  
  30  4:52  Zealot (Chrono Boost)  
  32  4:57  Zealot (Chrono Boost)  
  32  4:58  Zealot (Chrono Boost)  
  34  5:04  Assimilator  
  33  5:09  Assimilator  
  32  5:22  Zealot (Chrono Boost)  
  32  5:24  Zealot (Chrono Boost)  
  32  5:28  Zealot (Chrono Boost)  
  36  5:34  Cybernetics Core  
  36  5:42  Photon Cannon  
  37  5:57  Probe  
  37  6:05  Zealot (Chrono Boost)  
  37  6:08  Zealot (Chrono Boost)  
  37  6:09  Zealot (Chrono Boost)  
  35  6:28  Zealot (Chrono Boost)  
  33  6:35  Zealot (Chrono Boost)  
  29  6:45  Zealot (Chrono Boost)  
  31  6:51  Stargate  
  31  6:59  Stargate  
  31  7:10  Warp Gate (Chrono Boost)  
  31  7:17  Mothership Core  
  33  7:38  Probe  
  33  7:44  Void Ray (Chrono Boost)  
  38  8:09  Void Ray (Chrono Boost)  
  46  8:35  Void Ray (Chrono Boost)  
  38  9:29  Zealot x3  
Tags
 
Add a new tag
Caveats
  • Supply blocks, unpowered buildings, or Contaminate may cause inaccurate times.
  • Supply counts are checked every 10 seconds.